 Dungeon Crawl Stone Soup version 0.29-a0-334-gb41bcbb86e (webtiles) character file.

Game seed: 6127958462058654374

1605 Morbidden the Ruffian (level 8, -3/72 (75) HPs)
             Began as a Troll Air Elementalist on Apr 15, 2022.
             Was an Initiate of Vehumet.
             Slain by a gnoll sergeant
             ... wielding a +1 vampiric spear
              (7 damage)
             ... on level 7 of the Dungeon.
             The game lasted 00:09:09 (6642 turns).

Morbidden the Ruffian (Troll Air Elementalist)      Turns: 6642, Time: 00:09:09

HP:   -3/72 (75)    AC:  7    Str: 17    XL:     8   Next: 63%
MP:   9/20          EV: 10    Int: 13    God:    Vehumet [......]
Gold: 34            SH:  0    Dex: 10    Spells: 2/13 levels left

rFire   + . .      SeeInvis .     - Unarmed
rCold   . . .      Faith    .   (no shield)
rNeg    . . .      Spirit   .   o - +2 robe {rF+}
rPois   +          Reflect  .   (helmet restricted)
rElec   .          Harm     .   u - +0 cloak {Stlth+}
rCorr   .          Rampage  .   (gloves unavailable)
Will    .....                   (boots unavailable)
Stlth   ++........              m - amulet of the acrobat
HPRegen 1.02/turn               v - ring of magical power
MPRegen 0.17/turn               x - ring of poison resistance

@: lightly drained
A: large, unfitting armour, claws 3, regeneration 1, shaggy fur 1, tough skin 1
a: Renounce Religion


You were on level 7 of the Dungeon.
You worshipped Vehumet.
Vehumet was noncommittal.
You visited 2 branches of the dungeon, and saw 8 of its levels.
You also visited: Sewer.

You collected 274 gold pieces.
You spent 240 gold pieces at shops.

Inventory:

Armour
 o - a +2 robe of fire resistance (worn)
 u - a +0 cloak of stealth (worn)
Jewellery
 m - an amulet of the acrobat (around neck)
 v - a ring of magical power (left claw)
 x - a ring of poison resistance (right claw)
Wands
 n - a wand of digging (4)
 p - a wand of flame (17)
Scrolls
 e - 3 scrolls of magic mapping
 g - a scroll of brand weapon
 i - a scroll of enchant armour
 r - 2 scrolls of identify
 s - a scroll of teleportation
 w - a scroll of fear {unknown}
Potions
 a - 2 potions of heal wounds {unknown}
 b - 2 potions of magic
 c - 4 potions of curing
 d - a potion of invisibility {unknown}
 f - a potion of attraction
 h - a potion of resistance {unknown}
 j - a potion of mutation {unknown}
 k - 5 potions of haste {unknown}
 l - a potion of cancellation {unknown}
 q - a potion of berserk rage {unknown}
 t - a potion of lignification {unknown}


   Skills:
 * Level 3.2 Fighting
 * Level 3.1 Dodging
 + Level 1.2 Stealth
 * Level 4.2 Unarmed Combat
 * Level 3.2 Spellcasting
 * Level 3.0 Conjurations
 * Level 4.0 Air Magic
 * Level 0.6 Poison Magic


You had 2 spell levels left.
You knew the following spells:

 Your Spells              Type           Power      Damage    Failure   Level
a - Shock                 Conj/Air       44%        1d5       5%          1
b - Static Discharge      Conj/Air       11%        N/A       8%          2
c - Airstrike             Air            6%         N/A       38%         4
d - Olgreb's Toxic Radia  Pois           3%         N/A       87%         4

Your spell library contained the following spells:

 Spells                   Type           Power      Damage    Failure   Level
 Poisonous Vapours        Pois/Air       16%        N/A       13%         2
 Sting                    Tmut/Pois      8%         1d3       21%         1
 Summon Small Mammal      Summ           8%         N/A       22%         1
 Ensorcelled Hibernation  Hex/Ice        4%         N/A       34%         2
 Sublimation of Blood     Necr           2%         N/A       34%         2
 Wereblood                Tmut           2%         N/A       34%         2
 Swiftness                Air            12%        N/A       13%         3
 Dazzling Flash           Conj/Hex       12%        N/A       34%         3
 Spider Form              Tmut/Pois      2%         N/A       52%         3
 Call Canine Familiar     Summ           2%         N/A       56%         3
 Summon Guardian Golem    Hex/Summ       2%         N/A       56%         3
 Iskenderun's Mystic Bla  Conj/Tloc      6%         2d4       75%         4
 Anguish                  Hex/Necr       1%         N/A       92%         4
 Starburst                Conj/Fire      3%         6d3       100%        6
 Summon Hydra             Summ           1%         N/A       100%        7


Dungeon Overview and Level Annotations

Branches:
Dungeon (7/15)             Temple (1/1) D:5           Sewer (visited)

Altars:
Ashenzari
Cheibriados
Dithmenos
Elyvilon
Fedhas
Gozag
Hepliaklqana
Kikubaaqudgha
Makhleb
Nemelex Xobeh
Okawaru
Qazlal
Ru
Sif Muna
Trog
Uskayaw
Vehumet
Wu Jian
Xom
Yredelemnul
Zin
The Shining One

Shops:
D:1 :   D:6 [=

Annotations:
D:5 2 transporters, Vangrel's ghost, novice HOFi
D:6 Dowan; Duvessa


Innate Abilities, Weirdness & Mutations

You are too large for most types of armour.
You have claws for hands.
Your natural rate of healing is unusually fast.
You are covered in fur. (AC +1)
You have tough skin. (AC +1)


Message History

The zap hits the gnoll.
You kill the gnoll!
Vehumet accepts your kill.
The gnoll sergeant hits you from afar with a +1 vampiric spear.
The gnoll sergeant draws strength from your wounds!
Casting: Shock (safe; 5% risk of failure)
Confirm with . or Enter, or press ? or * to list all spells.
Aiming: Shock (safe; 5% risk of failure)
Press: ? - help, Shift-Dir - straight line, f/p - gnoll sergeant
Aim: a gnoll sergeant, wielding a +1 vampiric spear and wearing a +0 ring mail (moderately wounded, 77% to hit)
The zap hits the gnoll sergeant.
The gnoll sergeant is moderately wounded.
The gnoll sergeant hits you from afar with a +1 vampiric spear!
Casting: Shock (safe; 5% risk of failure)
Confirm with . or Enter, or press ? or * to list all spells.
Aiming: Shock (safe; 5% risk of failure)
Press: ? - help, Shift-Dir - straight line, f/p - gnoll sergeant
Aim: a gnoll sergeant, wielding a +1 vampiric spear and wearing a +0 ring mail (moderately wounded, 77% to hit)
The zap hits the gnoll sergeant but does no damage.
The gnoll sergeant is moderately wounded.
The gnoll sergeant hits you from afar with a +1 vampiric spear!
* * * LOW HITPOINT WARNING * * *
The gnoll sergeant draws strength from your wounds!
The gnoll sergeant completely misses you.
Things that are here:
a +0 whip; a gnoll corpse Unknown command.
You claw the gnoll sergeant!
The gnoll sergeant is heavily wounded.
The gnoll sergeant hits you with a +1 vampiric spear!
* * * LOW HITPOINT WARNING * * *
The gnoll sergeant draws strength from your wounds!
You scratch the gnoll sergeant.
The gnoll sergeant is heavily wounded.
The gnoll sergeant hits you with a +1 vampiric spear!
* * * LOW HITPOINT WARNING * * *
You barely miss the gnoll sergeant.
The gnoll sergeant is heavily wounded.
The gnoll sergeant hits you with a +1 vampiric spear!
You die...

###################
#....g.g...........
## #.#####..>...##
.## #g# #.####.#
#.###.## #†# #.#
##.#.g.####.## #@#
##..........# #g#
#.#...###.#.# #)#
#.###.####.#.# #)#
... #....g...# #.#
### ######...###)#
# #..g....#
#...#########
#...#.#.#.#.#


You could see a gnoll sergeant.

Vanquished Creatures
  Sigmund (D:3)
  A water moccasin (D:7)
  A black bear (D:5)
  An ice beast (D:6)
  Pargi (Sewer)
  2 ogres (D:5)
  A sky beast (D:6)
  A bullfrog (D:7)
  A scorpion (D:4)
  3 howler monkeys (D:7)
  A gnoll shaman (D:6)
  2 jellies (D:6)
  A hound (D:5)
  Crazy Yiuf (D:4)
  3 iguanas (D:5)
  An orc wizard (D:6)
  Natasha (twice) (D:3)
  16 gnolls
  An adder (Sewer)
  A white imp (D:6)
  4 worms
  3 dart slugs
  5 orcs
  4 bats
  11 endoplasms
  7 giant cockroaches
  5 goblins
  8 hobgoblins
  8 jackals
  6 quokkas
  7 ball pythons
  7 frilled lizards
  6 kobolds
  3 rats
126 creatures vanquished.

Vanquished Creatures (others)
  An orc wizard (D:6)
  5 plants (D:2)
6 creatures vanquished.

Grand Total: 132 creatures vanquished

Notes
Turn   | Place    | Note
-------+----------+-------------------------------------------
     0 | D:1      | Morbidden the Troll Air Elementalist began the quest for
                  | the Orb.
     0 | D:1      | Reached XP level 1. HP: 16/16 MP: 1/1
   121 | D:1      | Reached XP level 2. HP: 24/24 MP: 0/2
   157 | D:1      | Found a hide-covered altar of Uskayaw.
   163 | D:1      | Reached skill level 1 in Conjurations
   289 | D:1      | Reached XP level 3. HP: 32/32 MP: 4/4
   533 | D:1      | Found Paymaxt's Book Shoppe.
   806 | D:2      | Learned a level 2 spell: Static Discharge
  1179 | D:2      | Reached skill level 1 in Fighting
  1540 | D:2      | Reached XP level 4. HP: 36/41 MP: 1/5
  1588 | D:2      | Identified the +5 hand axe "Voppitho" {vamp, *Noise rPois
                  | rCorr Int+2}
  2165 | D:3      | Noticed Natasha
  2173 | D:3      | Killed Natasha
  2174 | D:3      | Reached skill level 1 in Unarmed Combat
  2210 | D:3      | Noticed Natasha
  2228 | D:3      | Killed Natasha
  2229 | D:3      | Reached XP level 5. HP: 25/48 MP: 6/6
  2325 | D:3      | Found a broken altar of Ashenzari.
  2411 | D:3      | Found a glowing drain.
  2425 | Sewer    | Entered a sewer
  2519 | Sewer    | Noticed Pargi
  2534 | Sewer    | Killed Pargi
  2793 | D:3      | Reached XP level 6. HP: 53/55 MP: 8/8
  3097 | D:3      | Noticed Sigmund
  3111 | D:3      | Killed Sigmund
  3477 | D:4      | Found a runed translucent door.
  3478 | D:4      | Noticed Crazy Yiuf
  4142 | D:4      | Killed Crazy Yiuf
  4143 | D:4      | Reached XP level 7. HP: 16/65 MP: 3/9
  4234 | D:5      | Entered Level 5 of the Dungeon
  4534 | D:5      | Found a transporter.
  4666 | D:5      | Noticed a kobold demonologist
  4803 | D:5      | Found a transporter.
  4807 | D:5      | Noticed Vangrel's ghost (novice HOFi)
  4885 | D:5      | Found a staircase to the Ecumenical Temple.
  4897 | Temple   | Entered the Ecumenical Temple
  5197 | Temple   | Became a worshipper of Vehumet
  5365 | D:6      | Found Huin's Jewellery Emporium.
  5365 | D:6      | Found Eqafacsi's Armour Boutique.
  5375 | D:6      | Bought a ring of magical power for 240 gold pieces
  5544 | D:6      | Reached XP level 8. HP: 60/74 MP: 11/11
  5549 | D:6      | Learned a level 4 spell: Airstrike
  5597 | D:6      | Learned a level 4 spell: Olgreb's Toxic Radiance
  6060 | D:6      | Noticed Duvessa
  6060 | D:6      | Noticed Dowan
  6641 | D:7      | HP: 3/72 [gnoll sergeant/+1 vampiric spear (7)]
  6642 | D:7      | Slain by a gnoll sergeant

Illustrated notes

Levels and vault maps discovered:
D:1:      dpeg_arrival_rooms_c, layout_loops_ring, serial_shops, shop_fountains,
          minmay_hexomino_r4
D:2:      wad_woods_pond, layout_basic
D:3:      layout_loops_ring, ashenzari_conservatory_becter,
          portal_sewer_entry_f, uniq_natasha, uniq_sigmund
D:4:      layout_loops_cross, uniq_crazy_yiuf_cottage
D:5:      layout_basic, minmay_temple_entry_glassed_door, gammafunk_ghost_arena,
          minmay_misc_feat_doors, grunt_decor_one_mirror
D:6:      layout_rooms, nicolae_wooded_promenade, uniq_duvessa
D:7:      layout_loops_ring, minivault_23
Temple:   regret_index_temple_sigil_plot

Skill      XL: |  1  2  3  4  5  6  7  8 |
---------------+-------------------------+-----
Conjurations   | 1 2 3 |  3.0
Fighting       | 1 2 3 |  3.2
Unarmed Combat | 1 2 3 4 |  4.2
Dodging        | 2 3 |  3.1
Air Magic      | 3 4 |  4.0
Spellcasting   | 2 3 |  3.2
Stealth        | |  1.2
Poison Magic   | |  0.6

Action                   |  1- 3 |  4- 6 |  7- 9 || total
-------------------------+-------+-------+-------++-------
Melee: Unarmed           |   122 |   103 |   131 ||   356
       Punch             |       |     1 |     1 ||     2
 Cast: Shock             |    32 |    50 |   118 ||   200
       Static Discharge  |       |     4 |     6 ||    10
  Use: Potion            |     2 |       |     2 ||     4
       Scroll            |       |     7 |     2 ||     9
 Stab: Sleeping          |     2 |       |     1 ||     3
Armor: Robe              |    39 |    39 |    52 ||   130
Dodge: Dodged            |    51 |    62 |    76 ||   189

Table legend: (Time is in decaauts)
 A = Elapsed time spent in this place.
 B = Non-inter-level travel time spent in this place.
 C = Inter-level travel time spent in this place.
 D = Time resting spent in this place.
 E = Time spent auto-exploring this place.
 F = Levels seen in this place.
 G = Mean time per level.
                   A        B        C        D        E       F      G
               +--------+--------+--------+--------+--------+-----+--------+
         Total |   6694 |   6474 |    220 |    307 |   4743 |   9 |  743.8 |
       Dungeon |   5999 |   5802 |    197 |    295 |   4205 |   7 |  857.0 |
        Temple |    324 |    301 |     23 |      0 |    263 |   1 |  324.0 |
         Sewer |    369 |    369 |      0 |     12 |    275 |   1 |  369.0 |
               +--------+--------+--------+--------+--------+-----+--------+

Top non-repeatable levels by time:
     D:2: 1313 daAuts
     D:6: 947 daAuts
     D:3: 935 daAuts
     D:5: 895 daAuts
     D:4: 882 daAuts
     D:1: 793 daAuts
   Sewer: 369 daAuts
  Temple: 324 daAuts
     D:7: 232 daAuts
